 Dungeon Crawl Stone Soup version 0.30-a0-134-gb40fab5c76 (webtiles) character file.

Game seed: 792504962741842126

129 nono the Trooper (level 5, -3/33 HPs)
             Began as a Kobold Fighter on Sept 19, 2022.
             Killed by divine providence
             ... invoked by an orc priest
              (11 damage)
             ... on level 3 of the Dungeon.
             The game lasted 00:05:18 (3025 turns).

nono the Trooper (Kobold Fighter)                   Turns: 3025, Time: 00:05:18

Health: -3/33      AC:  8    Str: 16    XL:     5   Next: 35%
Magic:  5/5        EV: 11    Int:  9    God:
Gold:   126        SH:  5    Dex: 14    Spells: 4/4 levels left

rFire   . . .      SeeInvis .    a - +0 flail
rCold   . . .      Faith    .    c - +0 buckler
rNeg    . . .      Spirit   .    b - +0 scale mail
rPois   .          Reflect  .    (no helmet)
rElec   .          Harm     .    t - +0 cloak
rCorr   +          Rampage  .    j - +0 pair of gloves
Will    .....                    (no boots)
Stlth   ++........               (no amulet)
HPRegen 0.11/turn                q - ring of resist corrosion
MPRegen 0.09/turn                (no ring)

@: no status effects
A: small, no large weapons, nightstalker 3
a: no special abilities


You were on level 3 of the Dungeon.
You visited 1 branch of the dungeon, and saw 4 of its levels.

You collected 126 gold pieces.

Inventory:

Hand Weapons
 a - a +0 flail (weapon)
Armour
 b - a +0 scale mail (worn)
 c - a +0 buckler (worn)
 j - a +0 pair of gloves (worn)
 t - a +0 cloak (worn)
Jewellery
 e - an amulet of magic regeneration
 q - a ring of resist corrosion (left hand)
Wands
 v - a wand of polymorph (8)
Scrolls
 f - a scroll of magic mapping {unknown}
 g - 2 scrolls of vulnerability {unknown}
 h - 5 scrolls of identify {unknown}
 i - 2 scrolls of enchant armour {unknown}
 k - a scroll of amnesia {unknown}
 p - 3 scrolls of teleportation {unknown}
 u - a scroll of silence {unknown}
 w - a scroll of torment {unknown}
Potions
 d - a potion of might
 l - a potion of degeneration {unknown}
 m - 2 potions of cancellation {unknown}
 n - 2 potions of brilliance {unknown}
 o - a potion of curing {unknown}
 r - a potion of magic {unknown}
 s - a potion of lignification {unknown}


   Skills:
 * Level 4.2 Fighting
 * Level 3.0 Maces & Flails
 - Level 2.4 Armour
 * Level 2.6 Dodging
 + Level 2.3 Stealth
 - Level 2.4 Shields


You had 4 spell levels left.
You didn't know any spells.
Your spell library contained the following spells:

 Spells                   Type           Power      Damage    Failure   Level
 Foxfire                  Conj/Fire      0%         2x1d4     92%         1
 Summon Small Mammal      Summ           0%         N/A       92%         1
 Call Canine Familiar     Summ           0%         N/A       100%        3
 Dazzling Flash           Conj/Hex       0%         N/A       100%        3
 Inner Flame              Hex/Fire       0%         N/A       100%        3
 Kindle Blastsparks       Fire/Tloc/Air  0%         2d10      100%        3
 Summon Guardian Golem    Hex/Summ       0%         N/A       100%        3
 Flame Wave               Conj/Fire      0%         2d4       100%        4
 Agony                    Necr           0%         N/A       100%        5
 Silence                  Hex/Air        0%         N/A       100%        5


Dungeon Overview and Level Annotations

Branches:
Dungeon (4/15)
 Temple: D:4-7

Altars:
Cheibriados


Innate Abilities, Weirdness & Mutations

You are small and have problems with some larger weapons.
You are completely attuned to the shadows.


Message History

You sock the adder!
You kill the adder!
Your Maces & Flails skill increases to level 3!
w - a scroll labelled CUYNWA FALY You open the door.
An orc wizard comes into view. It is wielding a +0 dagger.
An orc priest comes into view. It is wielding a +0 short sword.
An orc comes into view. It is wielding a +0 hand axe.
The helpless orc wizard fails to defend itself.
You hit the orc wizard.
The orc wizard is lightly wounded.
The orc shouts!
The orc priest calls down the wrath of Beogh upon you.
Beogh smites you!
The orc wizard hits you but does no damage.
The orc wizard misses you.
You completely miss the orc wizard.
The orc wizard is lightly wounded.
The orc priest mumbles some strange prayers to Beogh against you.
Beogh smites you! The orc wizard casts a spell at you.
You resist with some effort.
You barely miss the orc wizard.
The orc wizard is lightly wounded.
An orc priest comes into view. It is wielding a +0 dagger.
You hit the orc.
The orc is heavily wounded.
You barely miss the orc.
The orc is heavily wounded.
The orc hits you but does no damage. The orc closely misses you.
You closely miss the orc.
The orc is heavily wounded.
The orc hits you with a +0 hand axe.
* * * LOW HITPOINT WARNING * * *
The orc priest looks satisfied for a moment.
You hit the orc.
You kill the orc!
The orc priest calls down the wrath of Beogh upon you.
Beogh smites you!
You die...

#.....########....####........(##
.....................'...†.....'.
#.....########....####.........##
#..#..# #.#.## ##.......###
#.#...# #...# ##.....## # #.#.#.#
###.# ##...## # #.....# #.#
####'### ###.### #.# #......# #.#
#@# #.##.#.# #.# #)# #.##.#.#
###.# #o# #.#....## ..#.# #o#
.......†# #.#.# #o# #.#.....#
#.#.# #.......### ....#
...[...... #.### ##.##.### #.#
####.##.#


You could see 2 orc priests and an orc wizard.

Vanquished Creatures
  An iron imp (D:3)
  5 adders
  2 worms (D:2)
  3 dart slugs
  An orc (D:3)
  4 endoplasms
  3 giant cockroaches
  2 goblins
  2 hobgoblins
  4 jackals (D:1)
  8 kobolds
  A ball python (D:1)
  5 bats
  4 frilled lizards
  3 rats
48 creatures vanquished.

Notes
Turn   | Place    | Note
-------+----------+-------------------------------------------
     0 | D:1      | nono the Kobold Fighter began the quest for the Orb.
     0 | D:1      | Reached XP level 1. HP: 14/14 MP: 1/1
    73 | D:1      | Reached XP level 2. HP: 13/19 MP: 2/2
   123 | D:1      | Reached skill level 1 in Dodging
   355 | D:1      | Reached XP level 3. HP: 23/23 MP: 3/3
   427 | D:1      | Reached skill level 1 in Stealth
  1408 | D:2      | Found a faded altar of an unknown god.
  1685 | D:2      | Reached XP level 4. HP: 17/29 MP: 4/4
  2253 | D:3      | Reached skill level 4 in Fighting
  2305 | D:3      | Found a snail-covered altar of Cheibriados.
  2325 | D:3      | Reached XP level 5. HP: 15/33 MP: 5/5
  3025 | D:3      | Killed from afar by an orc priest

Illustrated notes

Levels and vault maps discovered:
D:1:      dpeg_arrival_another_circle, layout_basic, amcnicky_mini_pool_small
D:2:      layout_rooms, hellmonk_ecumenical_altar_run_dry, minmay_diced_spiral
D:3:      layout_loops_corners, nicolae_qazlal_eye_of_the_storm, slow_altar_1
D:4:      gammafunk_wand_slinger, layout_basic, minmay_temple_entry_large_hall,
          nicolae_shop_overcharged_wands, uniq_natasha, uniq_blork_the_orc

Skill      XL: |  1  2  3  4  5 |
---------------+----------------+-----
Maces & Flails | 2 3 |  3.0
Dodging        | 1 2 |  2.6
Stealth        | 1 2 |  2.3
Fighting       | 4 |  4.2
Armour         | |  2.4
Shields        | |  2.4

Action                   |  1- 3 |  4- 6 || total
-------------------------+-------+-------++-------
Melee: Flail             |   104 |    61 ||   165
  Use: Potion            |     1 |       ||     1
 Stab: Sleeping          |     5 |     3 ||     8
Armor: Scale mail        |    47 |    19 ||    66
Dodge: Dodged            |    53 |    32 ||    85
Block: Buckler           |    35 |    15 ||    50

Table legend: (Time is in decaauts)
 A = Elapsed time spent in this place.
 B = Non-inter-level travel time spent in this place.
 C = Inter-level travel time spent in this place.
 D = Time resting spent in this place.
 E = Time spent auto-exploring this place.
 F = Levels seen in this place.
 G = Mean time per level.
                   A        B        C        D        E       F      G
               +--------+--------+--------+--------+--------+-----+--------+
         Total |   3081 |   2796 |    285 |      0 |   2326 |   4 |  770.2 |
       Dungeon |   3081 |   2796 |    285 |      0 |   2326 |   4 |  770.2 |
               +--------+--------+--------+--------+--------+-----+--------+

Top non-repeatable levels by time:
     D:1: 1421 daAuts
     D:3: 831 daAuts
     D:2: 827 daAuts
     D:4: 1 daAuts
